 Dungeon Crawl Stone Soup version 0.23-a0-639-ga9a3373214 (webtiles) character file.

31302 Napalmbreeze the Basher (level 13, -13/82 HPs)
             Began as a Gargoyle Gladiator on Dec 29, 2018.
             Was a Believer of Qazlal.
             Mangled by a minotaur
             ... wielding a +0 glaive
              (30 damage)
             ... in a Gauntlet.
             The game lasted 00:34:18 (14200 turns).

Napalmbreeze the Basher (Gargoyle Gladiator)       Turns: 14200, Time: 00:34:19

Health: -13/82     AC: 27    Str: 19    XL:     13   Next: 57%
Magic:  8/20       EV: 12    Int: 13    God:    Qazlal [**....]
Gold:   476        SH:  5    Dex: 13    Spells: 12/12 levels left

rFire    + . .     SeeInvis +   q - +2 flail (crush)
rCold    . . .     Gourm    .   (no shield)
rNeg     + . .     Faith    .   G - +0 chain mail
rPois    ∞         Spirit   .   Q - +0 helmet of a bailey {-Tele MR+++ Str-4 SInv}
rElec    +         Reflect  +   v - +0 cloak
rCorr    +         Harm     .   S - +0 pair of gloves
MR       ++++.     NoTele   +   P - +0 pair of boots of Ru's Whim {rPois Regen+}
Stlth    ..........             J - amulet "Gonoabbuni" {Reflect MR+ SH+2 Stlth+}
HPRegen  0.63/turn              T - ring of resist corrosion
MPRegen  0.17/turn              M - ring of Bufegi {rF+ Int+4 Dex+2 Stlth-}

@: no status effects
A: negative energy resistance 1, electricity resistance, unbreathing,
petrification resistance, rot immunity, AC +9
a: Upheaval, Renounce Religion


You were in a Gauntlet.
You worshipped Qazlal.
Qazlal was pleased with you.
You were not hungry.

You visited 3 branches of the dungeon, and saw 14 of its levels.
You also visited: Gauntlet.

You collected 796 gold pieces.
You spent 320 gold pieces at shops.

Inventory:

Hand Weapons
 q - a +2 flail of crushing (weapon)
Missiles
 d - 3 throwing nets (quivered)
Armour
 b - a +2 large shield
 c - a +0 helmet
 v - a +0 cloak (worn)
 G - a +0 chain mail (worn)
 P - the +0 pair of boots of Ru's Whim (worn) {rPois Regen+}
   (You found it in a Gauntlet)

   It protects you from poison.
   It increases your rate of regeneration.
 Q - the +0 helmet of a bailey (worn) {-Tele MR+++ Str-4 SInv}
   (You found it in a Gauntlet)

   It affects your strength (-4).
   It affects your resistance to hostile enchantments.
   It lets you see invisible.
   It prevents most forms of teleportation.
 S - a +0 pair of gloves (worn)
Jewellery
 D - a +3 ring of strength
 J - the amulet "Gonoabbuni" (around neck) {Reflect MR+ SH+2 Stlth+}
   (You bought it in a shop on level 7 of the Dungeon)

   [amulet of reflection]

   It shields you and reflects attacks.
   It affects your resistance to hostile enchantments.
   It affects your SH (+2).
   It makes you more stealthy.
 M - the ring of Bufegi (right hand) {rF+ Int+4 Dex+2 Stlth-}
   (You found it on level 1 of the Lair of Beasts)

   [ring of attention]

   It affects your intelligence (+4).
   It affects your dexterity (+2).
   It protects you from fire.
   It makes you less stealthy.
 R - an uncursed amulet of the gourmand {unknown}
 T - a ring of resist corrosion (left hand)
Wands
 i - a wand of paralysis (4)
 t - a wand of enslavement (16)
 y - a wand of acid (10)
 C - a wand of flame (20)
 I - a wand of iceblast (5)
 O - a wand of scattershot (3)
Scrolls
 a - 2 scrolls of blinking
 e - 2 scrolls of magic mapping
 h - a scroll of amnesia
 m - 4 scrolls of immolation
 s - 6 scrolls of remove curse
 u - 7 scrolls of teleportation
 w - a scroll of fog
 x - 3 scrolls of acquirement {unknown}
 B - a scroll of brand weapon {unknown}
 E - a scroll of vulnerability {unknown}
 F - a scroll of enchant armour {unknown}
 N - a scroll of holy word {unknown}
 U - a scroll of enchant weapon {unknown}
Potions
 g - 3 potions of lignification {unknown}
 j - 2 potions of heal wounds {unknown}
 k - a potion of invisibility {unknown}
 l - 3 potions of haste {unknown}
 n - a potion of mutation {unknown}
 o - 4 potions of curing
 p - a potion of ambrosia {unknown}
 r - a potion of magic {unknown}
 z - a potion of brilliance {unknown}
 A - 2 potions of might {unknown}
 H - 3 potions of flight {unknown}
 K - 4 potions of cancellation {unknown}
Comestibles
 f - 12 rations


   Skills:
 - Level 10.0 Fighting
 * Level 13.8 Maces & Flails
 - Level 1.7 Throwing
 - Level 10.0 Armour
 + Level 8.7 Dodging
 + Level 9.4 Invocations


You had 12 spell levels left.
You didn't know any spells.
Your spell library contained the following spells:

 Spells                   Type           Power        Failure   Level  Hunger
 Corona                   Hex            #......      94%         1    ##.....
 Summon Small Mammal      Summ           #...         94%         1    ##.....
 Call Imp                 Summ           #.......     98%         2    ###....
 Ensorcelled Hibernation  Hex/Ice        #.....       98%         2    ###....
 Call Canine Familiar     Summ           #.......     100%        3    ####...
 Confuse                  Hex            #.......     100%        3    ####...
 Dazzling Spray           Conj/Hex       #.....       100%        3    ####...
 Summon Guardian Golem    Hex/Summ       #.......     100%        3    ####...
 Tukima's Dance           Hex            #.......     100%        3    ####...
 Summon Ice Beast         Ice/Summ       #.......     100%        4    #####..
 Summon Lightning Spire   Summ/Air       #.......     100%        4    #####..


Dungeon Overview and Level Annotations

Branches:
Dungeon (10/15)            Temple (1/1) D:6            Lair (4/6) D:10
 Shoals (0/4) Lair:2        Snake (0/4) Lair:4          Orc (0/2) D:9

Altars:
Cheibriados
Dithmenos
Elyvilon
Fedhas
Gozag
Hepliaklqana
Kikubaaqudgha
Makhleb
Nemelex Xobeh
Okawaru
Qazlal
Ru
Sif Muna
Trog
Uskayaw
Vehumet
Wu Jian
Xom
Yredelemnul
Zin
The Shining One

Shops:
D:7 =

Annotations:
Gauntlet 10 transporters


Innate Abilities, Weirdness & Mutations

You are resistant to torment.
Your stone body is resilient. (AC +9)
You are immune to poison.
You resist negative energy. (rN+)
You are resistant to electric shocks. (rElec)
You can survive without breathing.
You are immune to petrification.
You are immune to rotting.


Message History

Magma suddenly erupts from the ground!
The blast of magma engulfs the minotaur.
The minotaur is severely wounded.
The minotaur hits you but does no damage.
The minotaur gores you but does no damage.
Aiming: Upheaval
Press: ? - help, Dir - move target cursor A storm cloud blasts the area with cutting wind!
The minotaur hits you with a +0 glaive!
* * * LOW HITPOINT WARNING * * *
The minotaur gores you but does no damage.
All of the chunks of flesh in your inventory have rotted away.
You feel better.
Aiming: Upheaval
Press: ? - help, Dir - move target cursor A storm cloud blasts the area with cutting wind!
The cutting wind hits the minotaur.
The minotaur is severely wounded.
The minotaur hits you with a +0 glaive!!
You die...

..©....#..#
PJ^PPP.####.. ...
#P..#^.#©....# #.#
......^#### . ...
.?J=JJ.#..#..#.#..
########..#..#.#.#######
.........8#..# ..#8.8:8:
.........⌠#..###H'......
.........8#..#..@#
########..#..#.#.#####
..©....#..#..#.#(....#
.#.#.#.####....(....8#
#.#.#..#©....###.##.##
.#.#.#.####.....(...#
#.©.#..#..#..########
.#.#.#.#..####
#.#.#..#..#


You could see a minotaur.

Vanquished Creatures
  A green death (Gauntlet)
  A great orb of eyes (Gauntlet)
  A hydra (Lair:1)
  2 two-headed ogres (D:9)
  A queen ant (Lair:2)
  Nergalle (Lair:2)
  Sonja (Lair:4)
  Pikel (D:8)
  A necromancer (Gauntlet)
  An ugly thing (Gauntlet)
  A manticore (Lair:2)
  An orange demon (Gauntlet)
  A black mamba (Lair:3)
  Psyche (D:8)
  Joseph (Lair:1)
  6 spiny frogs
  A rime drake (Lair:1)
  4 komodo dragons
  2 ice devils (Lair:2)
  A troll (D:9)
  7 hippogriffs
  Grinder (D:6)
  8 blink frogs
  Prince Ribbit (Lair:1)
  A dream sheep (Lair:4)
  22 yaks
  A hungry ghost (D:9)
  2 wyverns (Lair:2)
  2 two-headed ogre zombies (D:9)
  4 nagas (Lair:4)
  19 soldier ants
  Duvessa (D:6)
  7 water moccasins
  5 porcupines
  4 orc warriors
  4 ice beasts
  A black bear (D:8)
  4 necrophages (D:8)
  2 sky beasts
  2 slaves (D:8)
  4 ogres
  3 phantoms
  17 wolves
  4 centaurs
  3 crocodiles
  2 big kobolds
  10 bullfrogs
  Dowan (D:6)
  A wyvern skeleton (D:6)
  5 scorpions
  9 killer bees
  A wight (D:8)
  4 howler monkeys
  4 crimson imps
  A quasit (D:10)
  8 hounds
  4 orc priests
  8 jellies
  Crazy Yiuf (D:4)
  A bullfrog skeleton (D:9)
  2 iguanas
  7 orc wizards
  30 worker ants
  A killer bee zombie (D:8)
  6 ogre zombies (D:9)
  A hound zombie (D:8)
  A mummy (D:8)
  7 gnolls
  A howler monkey skeleton (D:10)
  10 adders
  6 oozes
  An adder skeleton (D:4)
  3 worms
  3 dart slugs
  2 leopard geckos
  32 orcs
  7 giant cockroaches
  3 goblins (D:2)
  4 hobgoblins
  13 jackals
  11 kobolds
  3 quokkas
  A ball python (D:7)
  5 bats
  4 frilled lizards
  A giant cockroach zombie (D:6)
  A goblin zombie (D:9)
  4 hobgoblin skeletons (D:9)
  A hobgoblin zombie (D:9)
  A leopard gecko skeleton (D:8)
  3 orc skeletons (D:9)
  14 orc zombies (D:9)
  A quokka skeleton (D:7)
  5 rats (D:1)
414 creatures vanquished.

Vanquished Creatures (collateral kills)
  Snorg (Lair:4)
  A cyclops (D:10)
  A soldier ant (Lair:2)
3 creatures vanquished.

Vanquished Creatures (others)
  2 slaves (D:8)
  A wight (D:8)
  An orc wizard (D:8)
  2 orcs (D:8)
  A kobold (D:10)
  A quokka (D:8)
  A bush (Lair:2)
  10 fungi
  32 plants
51 creatures vanquished.

Grand Total: 468 creatures vanquished

Notes
Turn   | Place    | Note
-------+----------+-------------------------------------------
     0 | D:1      | Napalmbreeze the Gargoyle Gladiator began the quest for the
                  | Orb.
     0 | D:1      | Reached XP level 1. HP: 12/12 MP: 1/1
   143 | D:1      | Reached XP level 2. HP: 13/18 MP: 2/2
   330 | D:1      | Reached skill level 1 in Armour
   356 | D:1      | Reached XP level 3. HP: 21/22 MP: 3/3
   975 | D:2      | Reached XP level 4. HP: 25/27 MP: 4/4
  1353 | D:2      | You fall through a shaft for 2 floors!
  1358 | D:4      | Found a runed door.
  1384 | D:4      | Reached skill level 4 in Maces & Flails
  1412 | D:4      | Reached XP level 5. HP: 10/32 MP: 5/5
  2042 | D:4      | Reached XP level 6. HP: 37/37 MP: 6/6
  2181 | D:4      | Found a sparkling altar of Nemelex Xobeh.
  2275 | D:4      | Reached skill level 5 in Maces & Flails
  2919 | D:4      | Noticed Crazy Yiuf
  2926 | D:4      | Killed Crazy Yiuf
  2926 | D:4      | Reached XP level 7. HP: 26/43 MP: 7/7
  3039 | D:5      | Entered Level 5 of the Dungeon
  3185 | D:5      | Reached skill level 6 in Maces & Flails
  3515 | D:5      | Reached XP level 8. HP: 47/48 MP: 8/8
  3945 | D:6      | Reached skill level 5 in Fighting
  4042 | D:6      | Noticed Grinder
  4057 | D:6      | Killed Grinder
  4057 | D:6      | Reached skill level 7 in Maces & Flails
  4237 | D:6      | Found a snail-covered altar of Cheibriados.
  4452 | D:6      | Noticed Duvessa
  4466 | D:6      | Killed Duvessa
  4466 | D:6      | Noticed Dowan
  4469 | D:6      | Killed Dowan
  4689 | D:6      | Found a staircase to the Ecumenical Temple.
  4701 | Temple   | Entered the Ecumenical Temple
  4908 | Temple   | Became a worshipper of Qazlal Stormbringer
  4977 | D:6      | Reached skill level 5 in Armour
  5166 | D:7      | Reached skill level 1 in Invocations
  5166 | D:7      | Reached XP level 9. HP: 55/55 MP: 9/9
  5418 | D:7      | Found Hekittis's Jewellery Boutique.
  5456 | D:7      | Reached skill level 8 in Maces & Flails
  5458 | D:7      | Reached skill level 5 in Dodging
  5479 | D:7      | Found an iron altar of Okawaru.
  5929 | D:8      | Reached * piety under Qazlal
  5982 | D:8      | Noticed Pikel
  6132 | D:8      | Killed Pikel
  6132 | D:8      | Reached skill level 9 in Maces & Flails
  6132 | D:8      | Reached XP level 10. HP: 63/63 MP: 12/12
  6390 | D:8      | Got a spiked leather armour
  6401 | D:8      | Identified the +2 leather armour "Noemufri" {rElec Int+3}
                  | (You found it on level 8 of the Dungeon)
  6419 | D:8      | Noticed Psyche
  6425 | D:8      | Killed Psyche
  6492 | D:8      | Found a glowing silver altar of Zin.
  6493 | D:8      | Noticed an angel
  6773 | D:8      | Reached ** piety under Qazlal
  6880 | D:9      | Noticed a two-headed ogre
  6887 | D:9      | Killed a two-headed ogre
  6887 | D:9      | Reached skill level 10 in Maces & Flails
  6887 | D:9      | Reached skill level 5 in Invocations
  6948 | D:9      | Noticed a two-headed ogre
  6961 | D:9      | Killed a two-headed ogre
  6961 | D:9      | Reached XP level 11. HP: 44/68 MP: 13/15
  7358 | D:9      | Reached *** piety under Qazlal
  7513 | D:9      | Found a staircase to the Orcish Mines.
  7941 | D:7      | Bought the amulet "Gonoabbuni" {Reflect MR+ SH+2 Stlth+}
                  | for 320 gold pieces
  8005 | D:10     | Entered Level 10 of the Dungeon
  8287 | D:10     | Reached **** piety under Qazlal
  8525 | D:10     | Noticed a cyclops
  8526 | D:10     | Found a staircase to the Lair.
  8535 | D:10     | Killed a cyclops
  8809 | Lair:1   | Entered Level 1 of the Lair of Beasts
  8827 | Lair:1   | Reached skill level 11 in Maces & Flails
  9110 | Lair:1   | Noticed Joseph
  9134 | Lair:1   | Killed Joseph
  9222 | Lair:1   | Got a warped granite ring
  9223 | Lair:1   | Identified the ring of Bufegi {rF+ Int+4 Dex+2 Stlth-} (You
                  | found it on level 1 of the Lair of Beasts)
  9235 | Lair:1   | Noticed an eight-headed hydra
  9241 | Lair:1   | Killed an eight-headed hydra
  9682 | Lair:1   | Noticed Prince Ribbit
  9690 | Lair:1   | Killed Prince Ribbit
  9706 | Lair:1   | Reached XP level 12. HP: 51/76 MP: 17/17
 10649 | Lair:2   | Found a staircase to the Shoals.
 11129 | Lair:2   | Reached skill level 12 in Maces & Flails
 11309 | Lair:2   | Found an iron altar of Okawaru.
 11434 | Lair:2   | Noticed a queen ant
 11451 | Lair:2   | Killed a queen ant
 11647 | Lair:2   | Noticed Nergalle
 11656 | Lair:2   | Killed Nergalle
 12055 | Lair:2   | Reached skill level 10 in Fighting
 12178 | Lair:3   | Reached XP level 13. HP: 59/82 MP: 19/19
 12455 | Lair:3   | Reached skill level 10 in Armour
 12464 | Lair:3   | Reached skill level 13 in Maces & Flails
 13106 | Lair:4   | Found a staircase to the Snake Pit.
 13185 | Lair:4   | Noticed Snorg
 13209 | Lair:4   | Killed Snorg
 13373 | Lair:4   | Noticed Sonja
 13374 | Lair:4   | Killed Sonja
 13521 | Lair:4   | Found a gate leading to a gauntlet.
 13530 | Gauntlet | Entered a Gauntlet
 13530 | Gauntlet | Found a transporter.
 13530 | Gauntlet | Found a transporter.
 13565 | Gauntlet | Noticed a death ooze
 13621 | Gauntlet | Found a transporter.
 13621 | Gauntlet | Found a transporter.
 13632 | Gauntlet | Found a transporter.
 13650 | Gauntlet | Noticed a reaper
 13650 | Gauntlet | Noticed a great orb of eyes
 13651 | Gauntlet | Found a transporter.
 13661 | Gauntlet | Found a transporter.
 13661 | Gauntlet | Found a transporter.
 13661 | Gauntlet | Noticed a green death
 13665 | Gauntlet | Found a transporter.
 13671 | Gauntlet | Noticed a death ooze
 13682 | Gauntlet | Found a transporter.
 13689 | Gauntlet | Found a transporter.
 13733 | Gauntlet | Found a transporter.
 13742 | Gauntlet | Found a transporter.
 13758 | Gauntlet | Found a transporter.
 13759 | Gauntlet | Noticed a blizzard demon
 13856 | Gauntlet | Found a transporter.
 13867 | Gauntlet | Noticed a death ooze
 13868 | Gauntlet | Found a transporter.
 14033 | Gauntlet | Killed a great orb of eyes
 14050 | Gauntlet | Got a pair of crude boots
 14056 | Gauntlet | Identified the +0 pair of boots of Ru's Whim {rPois Regen+}
                  | (You found it in a Gauntlet)
 14108 | Gauntlet | Killed a green death
 14119 | Gauntlet | Got a slimy helmet
 14130 | Gauntlet | Identified the +0 helmet of a bailey {-Tele MR+++ Str-4
                  | SInv} (You found it in a Gauntlet)
 14182 | Gauntlet | Noticed a minotaur
 14200 | Gauntlet | Mangled by a minotaur

Vault maps used:
D:1:      psy_arrival_wood_between_worlds
D:2:      first_ration, corexii_hall_statues_s
D:4:      lemuel_doored_altar, due_unseen_surprise, uniq_crazy_yiuf_cottage
D:6:      minmay_temple_entry_proselytizer, cheibrodos_worm_habitat,
          uniq_duvessa, uniq_grinder
D:7:      kennysheep_little_box, serial_shops, shop, dk_noncrumbling_2
D:8:      zin_angel, serial_undead, serial_undead_c, serial_undead_f,
          serial_undead_f, serial_undead_d, serial_undead_a,
          hangedman_little_slice_of_home, uniq_psyche, uniq_pikel
D:9:      zombieorc2_lemuel, minmay_strange_pillars, roderic_roman_lattice
D:10:     david_lair_shrubbed, minmay_misc_feat_more_columns
Temple:   hc_temple_tempest_star
Lair:1:   grunt_megastairs_2, uniq_joseph, uniq_prince_ribbit2
Lair:2:   minmay_shoals_entry_beasts, portal_ice_cave_demonic_guard,
          basic_altar, minivault_29, serial_bayou_shore_b, uniq_nergalle
Lair:3:   infiniplex_staircase_pool
Lair:4:   minmay_snake_entry_guardpost_small, gauntlet_entry_generic,
          lemuel_fruit_tree, uniq_sonja, uniq_snorg
Gauntlet: gammafunk_gauntlet_branching

Skill      XL: |  1  2  3  4  5  6  7  8  9 10 11 12 13 |
---------------+----------------------------------------+-----
Armour         | 1 2 3 5 6 7 8 9 10 | 10.0
Fighting       | 3 4 5 7 8 9 10 | 10.0
Maces & Flails | 4 5 6 7 9 10 11 12 13 | 13.8
Dodging        | 3 4 5 6 7 8 |  8.7
Invocations    | 1 3 5 7 8 9 |  9.4
Throwing       | |  1.7

Action                   |  1- 3 |  4- 6 |  7- 9 | 10-12 | 13-15 || total
-------------------------+-------+-------+-------+-------+-------++-------
Melee: Flail             |    90 |   140 |   316 |   853 |   245 ||  1644
Invok: Upheaval          |       |       |       |     7 |    12 ||    19
       Elemental Force   |       |       |       |     2 |     1 ||     3
Evoke: Wand              |       |       |       |     7 |       ||     7
  Use: Scroll            |       |       |       |     8 |     1 ||     9
       Potion            |       |       |       |       |     1 ||     1
 Stab: Invisible         |       |     2 |       |       |       ||     2
       Paralysed         |       |       |       |     2 |       ||     2
  Eat: Chunk             |       |     5 |     9 |    16 |     4 ||    34
       Ration            |       |     1 |       |     1 |     1 ||     3
Armor: Ring mail         |    55 |    57 |       |       |       ||   112
       Scale mail        |       |       |   164 |     1 |       ||   165
       Chain mail        |       |       |       |   416 |   137 ||   553
Dodge: Dodged            |    58 |    92 |   174 |   461 |   147 ||   932
       Deflected         |       |       |       |       |     2 ||     2
Block: Other             |       |       |     2 |   210 |    90 ||   302
       Reflection        |       |       |       |     1 |     1 ||     2

Table legend:
 A = Non-vault XP
 B = Vault XP
 C = Vault XP percentage of total XP
 D = Non-vault monster count
 E = Vault monster count
 F = Vault count percentage of total count
                 A         B        C        D         E       F
            +---------+---------+-------+---------+---------+-------
      Total |   25339 |   19379 |  43.3 |     291 |     126 |  30.2
            +---------+---------+-------+---------+---------+-------
        D:1 |      41 |       0 |   0.0 |      23 |       0 |   0.0
        D:2 |      76 |       0 |   0.0 |      17 |       0 |   0.0
        D:4 |     474 |      40 |   7.8 |      23 |       1 |   4.2
        D:5 |     680 |       0 |   0.0 |      26 |       0 |   0.0
        D:6 |     357 |     557 |  60.9 |      13 |       5 |  27.8
        D:7 |    1574 |       0 |   0.0 |      30 |       0 |   0.0
        D:8 |    1327 |    1890 |  58.8 |      25 |      19 |  43.2
        D:9 |    3571 |     962 |  21.2 |      33 |      34 |  50.7
       D:10 |     972 |     304 |  23.8 |      21 |       1 |   4.5
     Lair:1 |    4073 |    2620 |  39.1 |      18 |       9 |  33.3
     Lair:2 |    5032 |    6619 |  56.8 |      22 |      43 |  66.2
     Lair:3 |    3657 |       0 |   0.0 |      19 |       0 |   0.0
     Lair:4 |    3505 |    2270 |  39.3 |      21 |       6 |  22.2
   Gauntlet |       0 |    4117 | 100.0 |       0 |       8 | 100.0
            +---------+---------+-------+---------+---------+-------
